AoeStats
← Narishma91

Arabia

510538691Analyzed
1v1 RM · 2d ago on Oct 1, 2026· 57m 7s· 2 players
Game mode
Random Map
Map size
Tiny (2 player)
Population
200
Speed
Normal
Resources
Standard
Victory
Conquest
Starting age
Dark Age
Ending age
Imperial Age
RankedLock teamsTeams togetherTeam positionsShared explorationLock speedFull tech treeHidden civsTurbo modeCheats
Victory
Defeat
🇧🇬 Britons · Bulgaria
626
+14
🇪🇸 Turks · Spain
577
-14
Robertiito11
3:25 Loom
12:05 Feudal Age
14:21 Horse Collar
22:28 Wheelbarrow
21:43 Town Watch
25:47 Castle Age
23:33 Town Watch
28:11 Hand Cart
27:44 Double-Bit Axe
27:54 Gold Mining
27:56 Stone Mining
28:05 Stone Mining
28:21 Heavy Plow
29:32 Town Patrol
32:46 Imperial Age
37:42 Elite Janissary
39:12 Husbandry
39:24 Scale Barding Armor
39:30 Forging
41:38 Bloodlines
42:57 Conscription
56:09 Iron Casting
Narishma91
11:02 Feudal Age
11:19 Loom
15:50 Castle Age
14:45 Horse Collar
15:00 Double-Bit Axe
16:55 Bow Saw
17:43 Heavy Plow
20:23 Town Watch
23:28 Wheelbarrow
23:38 Gold Mining
24:25 Ballistics
25:15 Fletching
25:23 Treadmill Crane
28:14 Masonry
30:38 Imperial Age
28:07 Bodkin Arrow
28:32 Padded Archer Armor
30:35 Leather Archer Armor
31:53 Conscription
31:29 Light Cavalry
32:11 Husbandry
31:35 Cavalier
32:51 Yeomen
33:14 Elite Longbowman
34:37 Gold Shaft Mining
36:09 Bracer
36:40 Ring Archer Armor
39:11 Warwolf
48:53 Two-Man Saw
51:05 Hand Cart
52:22 Town Patrol
55:31 Siege Engineers
56:27 Chemistry
55:59 Architecture
55:48 Forging
55:39 Scale Mail Armor
Connection lost

Rejoining the realm…

Still unreachable

The connection could not be restored.

Session expired

The server has moved on; the page needs a fresh start.